 Dungeon Crawl Stone Soup version 0.24.1-14-gf8d2b509d9 (webtiles) character file.

Game seed: 11127322221432675599, levelgen mode: deterministic

169 Gabide the Skirmisher (level 5, -1/33 HPs)
             Began as a Kobold Abyssal Knight on May 23, 2020.
             Was a Believer of Lugonu.
             Killed by divine providence
             ... invoked by an orc priest
              (15 damage)
             ... on level 4 of the Dungeon.
             The game lasted 00:07:14 (2879 turns).

Gabide the Skirmisher (Kobold Abyssal Knight)       Turns: 2879, Time: 00:07:15

Health: -1/33      AC:  5    Str: 11    XL:     5   Next: 79%
Magic:  6/6        EV: 16    Int: 13    God:    Lugonu [**....]
Gold:   112        SH:  0    Dex: 14    Spells: 4/4 levels left

rFire    . . .     SeeInvis +   o - +2 trident (venom)
rCold    . . .     Gourm    .   (shield currently unavailable)
rNeg     . . .     Faith    .   b - +1 leather armour
rPois    .         Spirit   .   (no helmet)
rElec    .         Reflect  .   g - +0 cloak
rCorr    .         Harm     .   (no gloves)
MR       .....                  (no boots)
Stlth    +.........             (no amulet)
HPRegen  0.11/turn              f - ring of see invisible
MPRegen  0.10/turn              (no ring)

@: no status effects
A: small, carnivore
a: Depart the Abyss, Bend Space, Renounce Religion


You were on level 4 of the Dungeon.
You worshipped Lugonu.
Lugonu was pleased with you.
You were completely stuffed.

You visited 1 branch of the dungeon, and saw 4 of its levels.
You visited the Abyss 1 time.

You collected 112 gold pieces.

Inventory:

Hand Weapons
 a - a +1 mace
 o - a +2 trident of venom (weapon)
Armour
 b - a +1 leather armour (worn)
 g - a +0 cloak (worn)
Jewellery
 f - a ring of see invisible (left hand)
Scrolls
 j - a scroll of remove curse
Potions
 d - a potion of agility {unknown}
 h - a potion of flight {unknown}
 i - 2 potions of lignification
 m - a potion of haste {unknown}
Comestibles
 c - 4 rations


   Skills:
 + Level 4.3 Fighting
 - Level 2.9 Maces & Flails
 * Level 0.6 Polearms
 + Level 1.6 Armour
 * Level 4.1 Dodging
 + Level 2.1 Invocations


You had 4 spell levels left.
You didn't know any spells.
Your spell library was empty.

Dungeon Overview and Level Annotations

Branches:
Dungeon (4/15)
 Temple: D:4-7

Altars:


Innate Abilities, Weirdness & Mutations

You are small and have problems with some larger weapons.
You are carnivorous and can eat meat at any time.


Message History

The orc priest is severely wounded.
The leopard gecko misses you. The leopard gecko closely misses you.
The orc hits you with a +0 club. The orc priest barely misses you.
The leopard gecko closely misses you. The leopard gecko barely misses you.
The orc barely misses you.
You barely miss the orc priest.
The orc priest is severely wounded.
The orc barely misses you.
The orc priest mumbles some strange prayers to Beogh against you.
Beogh smites you!
* * * LOW HITPOINT WARNING * * *
The leopard gecko closely misses you.
The leopard gecko bites you but does no damage.
The orc misses you.
You feel better. The leopard gecko closely misses you.
The leopard gecko completely misses you.
The orc barely misses you.
The orc priest mumbles some strange prayers to Beogh against you.
Beogh smites you!
You die...

....#.).##.# #...#.#
.....#§#.##.####...#.#
..#.......>..........#
........§............#
....#...................
.......§.....###...###.#
.....§§§§§..## .....# ..
#.o§olo## .....#
......§sl@## .....#
..#.?..#o## ...##
.....#.### ## .......
.#.###. #.. #. .# #.


You could see a scorpion, an orc priest, 2 orcs and 2 leopard geckos.

Vanquished Creatures
  An orc wizard (D:4)
  An iguana (D:4)
  A hound skeleton (D:4)
  4 adders
  An ooze (D:3)
  A worm (D:2)
  2 dart slugs (D:1)
  4 leopard geckos
  An orc (D:3)
  4 giant cockroaches
  4 goblins
  8 hobgoblins
  6 kobolds
  A quokka (D:3)
  8 bats
  2 frilled lizards (D:1)
  6 rats
55 creatures vanquished.

Notes
Turn   | Place    | Note
-------+----------+-------------------------------------------
     0 | Abyss:1  | Gabide the Kobold Abyssal Knight began the quest for the
                  | Orb.
     0 | Abyss:1  | Reached XP level 1. HP: 14/14 MP: 2/2
    33 | Abyss:1  | Noticed a blink frog
    34 | Abyss:1  | Noticed a wight
    34 | Abyss:1  | Noticed a starcursed mass
    36 | D:1      | Escaped the Abyss
   144 | D:1      | Reached * piety under Lugonu
   300 | D:1      | Reached XP level 2. HP: 19/19 MP: 3/3
   746 | D:1      | Reached XP level 3. HP: 23/24 MP: 4/4
  1559 | D:2      | Reached XP level 4. HP: 29/29 MP: 5/5
  2692 | D:4      | Reached skill level 1 in Armour
  2692 | D:4      | Reached XP level 5. HP: 26/33 MP: 6/6
  2867 | D:4      | Reached ** piety under Lugonu
  2879 | D:4      | Killed from afar by an orc priest

Levels and vault maps discovered:
D:1:      psy_arrival_terrarium, layout_basic, chequers_serial_rivers_large_a
D:2:      layout_loops_cross
D:3:      layout_basic
D:4:      layout_loops_cross, zin_angel, first_ration, minivault_5,
          minmay_misc_feat_plants

Skill      XL: |  1  2  3  4  5 |
---------------+----------------+-----
Maces & Flails | 2 |  2.9
Fighting       | 4 |  4.3
Dodging        | 3 4 |  4.1
Armour         | 1 |  1.6
Polearms       | |  0.6
Invocations    | |  2.1

Action                   |  1- 3 |  4- 6 || total
-------------------------+-------+-------++-------
Melee: Mace              |    96 |    82 ||   178
       Trident           |       |    11 ||    11
Invok: Depart the Abyss  |     1 |       ||     1
  Use: Scroll            |     3 |     6 ||     9
       Potion            |     2 |     2 ||     4
  Eat: Chunk             |    11 |     4 ||    15
Armor: Leather armour    |    22 |    34 ||    56
Dodge: Dodged            |    73 |   124 ||   197
